 Dungeon Crawl Stone Soup version 0.27.1-2-g3b301248ec (webtiles) character file.

Game seed: 13309090006189593983

16 H0rd4k the Charlatan (level 2, -1/21 HPs)
             Began as a Human Artificer on Oct 4, 2021.
             Slain by a jackal (3 damage)
             ... on level 1 of the Dungeon.
             The game lasted 00:01:21 (1147 turns).

H0rd4k the Charlatan (Human Artificer)              Turns: 1147, Time: 00:01:22

Health: -1/21      AC:  3    Str: 12    XL:     2   Next: 75%
Magic:  2/2        EV: 11    Int: 11    God:
Gold:   17         SH:  0    Dex: 13    Spells: 1/1 levels left

rFire    . . .     SeeInvis .   f - +0 dagger
rCold    . . .     Faith    .   (no shield)
rNeg     . . .     Spirit   .   b - +0 leather armour
rPois    .         Reflect  .   (no helmet)
rElec    .         Harm     .   (no cloak)
rCorr    .         Rampage  .   (no gloves)
Will     .....                  (no boots)
Stlth    +.........             (no amulet)
HPRegen  0.07/turn              (no ring)
MPRegen  0.08/turn              (no ring)

@: no status effects
A: no striking features
a: no special abilities


You were on level 1 of the Dungeon.
You visited 1 branch of the dungeon, and saw 1 of its levels.

You collected 17 gold pieces.

Inventory:

Hand Weapons
 f - a +0 dagger (weapon)
Missiles
 g - 12 poisoned darts
Armour
 b - a +0 leather armour (worn)
Magical Staves
 a - a staff of conjuration
Wands
 c - a wand of flame (12) (quivered)
 d - a wand of charming (13)
Miscellaneous
 e - a piece from Xom's chessboard (15/15)


   Skills:
 + Level 1.0 Fighting
 + Level 2.1 Armour
 + Level 1.1 Dodging
 + Level 1.0 Stealth
 + Level 3.6 Evocations


You had one spell level left.
You didn't know any spells.
Your spell library was empty.

Dungeon Overview and Level Annotations

Branches:
Dungeon (1/15)

Altars:


Message History

Aiming: Charm
Press: ? - help, Shift-Dir - straight line, f - kobold
Aim: a kobold, wielding a +0 short sword and quivering stones (chance to affect: 73%)
The kobold is charmed.
The jackal barely misses your kobold. Something bites your kobold.
Your kobold closely misses something.
The jackal bites your kobold.
You see here 10 stones.
The jackal bites you but does no damage.
The kobold throws a stone.
The stone barely misses you. The jackal barely misses you.
Aiming: Charm
Press: ? - help, Shift-Dir - straight line, f - jackal
Aim: a jackal (chance to affect: 73%)
The jackal is charmed.
Your jackal bites the frilled lizard.
The frilled lizard dies!
What are your orders? t - Shout!
Orders for allies: a - Attack new target. p - Attack previous target. r - Retreat! s - Stop attacking. g - Guard the area. f - Follow me.
Anything else - Cancel.
Guard this area!
The kobold throws a stone.
The stone barely misses you.
The ball python barely misses your jackal. x2
Your jackal closely misses the ball python.
Your jackal misses something. The jackal bites your jackal.
Something barely misses your jackal. Something grabs your jackal.
Your jackal is constricted.
Your jackal misses something.
The kobold hits your jackal with a +0 whip.
Something bites your jackal.
Your jackal is constricted.
Your jackal dies!
You hit the jackal.
The jackal is lightly wounded.
The jackal bites you but does no damage.
The jackal bites you.
* * * LOW HITPOINT WARNING * * *
You closely miss the jackal.
The jackal is lightly wounded.
The jackal bites you.
You die...

# ##§.8# ######........ # #§§§##
#............. ## ##..§#
##..#.#........ .## ##..§§#
#..#.#.#...##.. §§###
###...§.####...#_#....#..#
..§.####......##.....#.#.#.#.#.##
..§...........##.##...#.#..#...#.
.............###.###...)...#.....
............## #@# ######....[.#.
#....<....### #h# #####..##
#####8##########S# #######..# #
########......# .......... #
##......K.S##### #######...
###.#..†####.# ###. .#.(...## #.#
#. #.##.#.### #.# #. #....#...#
#.# #.


You could see a jackal and a ball python.

Vanquished Creatures
  An endoplasm (D:1)
  2 goblins (D:1)
  4 hobgoblins (D:1)
  A jackal (D:1)
  A quokka (D:1)
  3 ball pythons (D:1)
  A bat (D:1)
  A rat (D:1)
14 creatures vanquished.

Vanquished Creatures (collateral kills)
  A frilled lizard (D:1)
1 creature vanquished.

Vanquished Creatures (others)
  A jackal (D:1)
  A kobold (D:1)
2 creatures vanquished.

Grand Total: 17 creatures vanquished

Notes
Turn   | Place    | Note
-------+----------+-------------------------------------------
     0 | D:1      | H0rd4k the Human Artificer began the quest for the Orb.
     0 | D:1      | Reached XP level 1. HP: 15/15 MP: 1/1
   276 | D:1      | Reached XP level 2. HP: 4/21 MP: 2/2
   278 | D:1      | HP: 1/21 [constriction (1)]
   795 | D:1      | Found a faded altar of an unknown god.
  1147 | D:1      | Slain by a jackal

Illustrated notes

Levels and vault maps discovered:
D:1:      heliophobic_arrival_dark_side_of_the_moon, layout_loops_ring,
          chequers_ecumenical_altar_simple_redux, minmay_box_of_dots

Action                   || total
-------------------------++-------
Melee: Club              ||    51
       Dagger            ||    26
Evoke: Wand              ||     5
 Stab: Sleeping          ||     1
Armor: Leather armour    ||    23
Dodge: Dodged            ||    57
